 Dungeon Crawl Stone Soup version 0.20.1-1-g8b1a95d (webtiles) character file.

31 polve the Changer (level 3, -1/28 HPs)
             Began as a Draconian Transmuter on Aug 8, 2017.
             Slain by a goblin
             ... wielding a +0 dagger
             ... led by Robin
              (4 damage)
             ... on level 1 of the Dungeon.
             The game lasted 00:01:01 (1147 turns).

polve the Changer (Draconian Transmuter)            Turns: 1147, Time: 00:01:01

Health: -1/28      AC:  5    Str: 12    XL:     3   Next: 7%
Magic:  5/6        EV: 12    Int: 14    God:
Gold:   59         SH:  0    Dex: 11    Spells: 3/6 levels left

rFire    . . .     SeeInvis .     - Unarmed
rCold    . . .     Gourm    .   (no shield)
rNeg     . . .     Faith    .   (armour unavailable)
rPois    .         Spirit   .   (helmet restricted)
rElec    .         Reflect  .   (no cloak)
rCorr    .         Harm     .   (no gloves)
MR       .....                  (boots currently unavailable)
Stlth    +.........             (no amulet)
Regen    0.1/turn               d - ring of flight
MPRegen  0.1/turn               (no ring)

@: appendage (expiring)
A: unfitting armour, talons 3, cold-blooded, AC +5
a: End Transformation, Evoke Flight


You were on level 1 of the Dungeon.
You were not hungry.
You had grown temporary talons.
You visited 1 branch of the dungeon, and saw 2 of its levels.

You collected 59 gold pieces.

Inventory:

Missiles
 a - 12 arrows (quivered)
Armour
 h - a +0 pair of gloves
Jewellery
 d - a ring of flight (left hand)
Scrolls
 e - a scroll of teleportation {unknown}
Books
 b - a book of Changes

   Spells                             Type                      Level
   a - Beastly Appendage              Transmutation                1
   b - Sticks to Snakes               Transmutation                2
   c - Spider Form                    Transmutation/Poison         3
   d - Ice Form                       Ice/Transmutation            4
   e - Blade Hands                    Transmutation                5
Comestibles
 c - a bread ration
 f - 3 chunks of flesh
 g - 2 meat rations


   Skills:
 - Level 1.1 Fighting
 - Level 1.7 Dodging
 - Level 3.0 Unarmed Combat
 - Level 2.0 Spellcasting
 + Level 3.5 Transmutations


You had 3 spell levels left.
You knew the following spells:

 Your Spells              Type           Power        Failure   Level  Hunger
a - Beastly Appendage     Tmut           ##....       5%          1    ##.....
b - Sticks to Snakes      Tmut           ##......     9%          2    ###....


Dungeon Overview and Level Annotations

Branches:
Dungeon (2/15)

Altars:
Ashenzari

Annotations:
D:2 Robin


Innate Abilities, Weirdness & Mutations

Your plain brown scales are hard. (AC +5)
You cannot fit into any form of body armour.
You are cold-blooded and may be slowed by cold attacks.
You have claws for feet.


Message History

You hit the hobgoblin.
The hobgoblin is severely wounded.
The hobgoblin hits you but does no damage.
The goblin hits you.
* * * LOW HITPOINT WARNING * * *
The goblin hits you with a dagger.
* * * LOW HITPOINT WARNING * * *
The goblin barely misses you. x2
The hobgoblin hits you but does no damage.
You barely miss the hobgoblin.
Your tail-slap misses the hobgoblin.
The hobgoblin is severely wounded.
The hobgoblin misses you. The goblin hits you.
* * * LOW HITPOINT WARNING * * *
The goblin hits you but does no damage. The goblin barely misses you. x2
You hit the hobgoblin.
You kill the hobgoblin!
The hobgoblin misses you. The goblin barely misses you.
The goblin closely misses you. The goblin barely misses you.
The goblin hits you with a dagger.
You die...

........#.....# #....#.#
#.###.....###.#######......#
..# ###.###(..........#..###
### #.# #.#####.#.##...## #
#.###.# #.)...#...####### ##
####...(.# #................
.###...####(#
#.....###.#######
..##....###(#####g#.##...##
......#..##(....@g#.######
.............(.ggg#.#
.#.......##########.#
.###...### #.# .# #...#
########.# ## ###.#
#........# #.# #.########
#.# #.# #.#####.#


You could see a hobgoblin and 4 goblins.

Vanquished Creatures
  A dart slug (D:1)
  A ball python (D:1)
  7 goblins (D:1)
  5 hobgoblins (D:1)
  4 jackals (D:1)
  2 kobolds (D:1)
  A frilled lizard (D:1)
  3 rats (D:1)
24 creatures vanquished.

Notes
Turn   | Place    | Note
-------+----------+-------------------------------------------
     0 | D:1      | polve the Draconian Transmuter began the quest for the Orb.
     0 | D:1      | Reached XP level 1. HP: 16/16 MP: 3/3
   127 | D:1      | Reached XP level 2. HP: 13/23 MP: 5/5
   284 | D:1      | Learned a level 2 spell: Sticks to Snakes
   713 | D:1      | Found a shattered altar of Ashenzari.
   967 | D:2      | Noticed Robin
   997 | D:1      | Reached XP level 3. HP: 17/28 MP: 6/6
  1147 | D:1      | Slain by a goblin

Skill      XL: |  1  2 |
---------------+-------+-----
Transmutations | 3 |  3.5
Fighting       | |  1.1
Dodging        | |  1.7
Unarmed Combat | |  3.0
Spellcasting   | |  2.0

Action                   || total
-------------------------++-------
Melee: Unarmed           ||    72
       Headbutt          ||     3
       Tailslap          ||     5
       Kick              ||     2
 Cast: Beastly Appendage ||    10
  Eat: Chunk             ||     1
Armor: Skin              ||    21
Dodge: Dodged            ||    78
